TOP OF THE 1ST |
Bishop Verot HS batting - Pitching for Bishop Gorman HS Balbasaurs : RHP Marvin Hopper
|
Pitching: RHP Marvin Hopper
|
|
Batting: RHB Rafael Sánchez
|
0-0: Called Strike 0-1: Fly out, F9 (Flyball, 9LS)
|
Batting: LHB Pedro Padilla
|
0-0: Called Strike 0-1: Foul Ball, location: 2F 0-2: Foul Ball, location: 2F 0-2: Foul Ball, location: 2F 0-2: Foul Ball, location: 2F 0-2: SINGLE (Line Drive, 34D)
|
Batting: RHB Mike Harris
|
0-0: Ball Pedro Padilla is caught stealing 2nd base 1-0: Ball 2-0: Swinging Strike 2-1: Called Strike 2-2: Foul Ball, location: 2F 2-2: SINGLE (Line Drive, 6MD)
|
Batting: RHB Jorge Franco
|
0-0: Ball 1-0: Called Strike 1-1: Called Strike 1-2: Ball 2-2: Ball 3-2: SINGLE (Groundball, 34D) Mike Harris to second Mike Harris to third
|
Batting: LHB Mike MacNamara
|
0-0: Called Strike 0-1: Ground out 1-3 (Groundball, 13S)
|
Top of the 1st over - 0 run(s), 3 hit(s), 0 error(s), 2 left on base; Bishop Verot HS 0 - Bishop Gorman HS 0 |
BOTTOM OF THE 1ST |
Bishop Gorman HS Balbasaurs batting - Pitching for Bishop Verot HS : RHP Patrick Bland
|
Pitching: RHP Patrick Bland
|
|
Batting: RHB Chris Cox
|
0-0: Called Strike 0-1: Foul Ball, location: 2F 0-2: SINGLE (Line Drive, 78S)
|
Batting: RHB Júlio García
|
0-0: Ball Chris Cox steals 2nd base 1-0: Called Strike 1-1: SINGLE (Line Drive, 6M) Chris Cox to third
|
Batting: RHB José Díaz
|
0-0: Called Strike 0-1: Ball 1-1: Called Strike 1-2: Ball 2-2: Foul Ball, location: 2F 2-2: Foul Ball, location: 2F 2-2: Foul Ball, location: 2F 2-2: Strikes out looking
|
Batting: LHB Guillermo Peña
|
0-0: Called Strike 0-1: Called Strike 0-2: Foul Ball, location: 2F 0-2: Ball 1-2: Ball 2-2: Ball 3-2: Strikes out looking
|
Batting: RHB Stephen Olvera
|
0-0: Fly out, F7 (Flyball, 7)
|
Bottom of the 1st over - 0 run(s), 2 hit(s), 0 error(s), 2 left on base; Bishop Verot HS 0 - Bishop Gorman HS 0 |
TOP OF THE 2ND |
Bishop Verot HS batting - Pitching for Bishop Gorman HS Balbasaurs : RHP Marvin Hopper
|
Batting: RHB Brian Bailey
|
0-0: Foul Ball, location: 2F 0-1: Ball 1-1: Swinging Strike 1-2: Ball 2-2: Strikes out looking
|
Batting: RHB Steven Bottoms
|
0-0: Ball 1-0: Ball 2-0: Swinging Strike 2-1: Ball 3-1: Ground out 1-3 (Groundball, 13S)
|
Batting: RHB Frank Rangel
|
0-0: Swinging Strike 0-1: Called Strike 0-2: Strikes out swinging
|
Top of the 2nd over - 0 run(s), 0 hit(s), 0 error(s), 0 left on base; Bishop Verot HS 0 - Bishop Gorman HS 0 |
BOTTOM OF THE 2ND |
Bishop Gorman HS Balbasaurs batting - Pitching for Bishop Verot HS : RHP Patrick Bland
|
Batting: LHB Michel Gélinas
|
0-0: Called Strike 0-1: Fly out, F7 (Line Drive, 7)
|
Batting: RHB Jimmy Martin
|
0-0: Called Strike 0-1: Foul Ball, location: 2F 0-2: Ball 1-2: Foul Ball, location: 2F 1-2: Foul Ball, location: 2F 1-2: Strikes out swinging
|
Batting: RHB Mario Ramírez
|
0-0: Ball 1-0: Ball 2-0: Ground out 5-3 (Groundball, 56)
|
Bottom of the 2nd over - 0 run(s), 0 hit(s), 0 error(s), 0 left on base; Bishop Verot HS 0 - Bishop Gorman HS 0 |
TOP OF THE 3RD |
Bishop Verot HS batting - Pitching for Bishop Gorman HS Balbasaurs : RHP Marvin Hopper
|
Batting: LHB Mitch Morales
|
0-0: Ball 1-0: Swinging Strike 1-1: Hit by Pitch
|
Batting: RHB Rafael Sánchez
|
0-0: Ball 1-0: Ball 2-0: Called Strike 2-1: Fly out, F4 (Popup, 4D)
|
Batting: LHB Pedro Padilla
|
0-0: Fly out, F5 (Popup, 5L)
|
Batting: RHB Mike Harris
|
0-0: Ball 1-0: Ball 2-0: Fly out, F7 (Flyball, 7)
|
Top of the 3rd over - 0 run(s), 0 hit(s), 0 error(s), 1 left on base; Bishop Verot HS 0 - Bishop Gorman HS 0 |
BOTTOM OF THE 3RD |
Bishop Gorman HS Balbasaurs batting - Pitching for Bishop Verot HS : RHP Patrick Bland
|
Batting: RHB Jake Rutledge
|
0-0: Ball 1-0: SINGLE (Line Drive, 7S)
|
Batting: RHB Chris Cox
|
0-0: Ball 1-0: Ball 2-0: Foul Ball, location: 2F 2-1: Foul Ball, location: 2F 2-2: Fielders Choice at 2nd, 5-4 (Groundball, 56)
|
Batting: RHB Júlio García
|
0-0: Ball 1-0: Called Strike 1-1: Ball 2-1: Swinging Strike 2-2: DOUBLE (Groundball, 5L) Chris Cox to third Runner from 3rd tries for Home, SAFE, no throw
|
Batting: RHB José Díaz
|
0-0: Ball 1-0: 2-RUN HOME RUN (Flyball, 7D), Distance : 389 ft
|
Batting: LHB Guillermo Peña
|
0-0: Foul Ball, location: 2F 0-1: Called Strike 0-2: Ball 1-2: Ground out 4-3 (Groundball, 34D)
|
Batting: RHB Stephen Olvera
|
0-0: Swinging Strike 0-1: Swinging Strike 0-2: Ground out 1-3 (Groundball, 15S)
|
Bottom of the 3rd over - 3 run(s), 3 hit(s), 0 error(s), 0 left on base; Bishop Verot HS 0 - Bishop Gorman HS 3 |
TOP OF THE 4TH |
Bishop Verot HS batting - Pitching for Bishop Gorman HS Balbasaurs : RHP Marvin Hopper
|
Batting: RHB Jorge Franco
|
0-0: Ball 1-0: Called Strike 1-1: Foul Ball, location: 2F 1-2: Strikes out looking
|
Batting: LHB Mike MacNamara
|
0-0: Ball 1-0: Foul Ball, location: 2F 1-1: Called Strike 1-2: Ball 2-2: Ground out 3-1 (Groundball, 34)
|
Batting: RHB Brian Bailey
|
0-0: Ball 1-0: Swinging Strike 1-1: Foul Ball, location: 2F 1-2: Ball 2-2: Foul Ball, location: 2F 2-2: DOUBLE (Line Drive, 9) - OUT at third base trying to stretch hit.
|
Top of the 4th over - 0 run(s), 1 hit(s), 0 error(s), 0 left on base; Bishop Verot HS 0 - Bishop Gorman HS 3 |
BOTTOM OF THE 4TH |
Bishop Gorman HS Balbasaurs batting - Pitching for Bishop Verot HS : RHP Patrick Bland
|
Batting: LHB Michel Gélinas
|
0-0: Ball 1-0: Ball 2-0: Called Strike 2-1: Foul Ball, location: 2F 2-2: SINGLE (Line Drive, 56D)
|
Batting: RHB Jimmy Martin
|
0-0: Ball 1-0: Called Strike 1-1: Ball 2-1: Foul Ball, location: 2F 2-2: Strikes out looking
|
Batting: RHB Mario Ramírez
|
0-0: Foul Ball, location: 2F 0-1: Ball 1-1: SINGLE (Line Drive, 6M) Michel Gélinas to second
|
Batting: RHB Jake Rutledge
|
0-0: Called Strike 0-1: Ball 1-1: Swinging Strike 1-2: Ball 2-2: Foul Ball, location: 2F 2-2: Strikes out swinging
|
Batting: RHB Chris Cox
|
0-0: Called Strike 0-1: Ball 1-1: Ball 2-1: Fielders Choice at 2nd, 6-4 (Groundball, 6)
|
Bottom of the 4th over - 0 run(s), 2 hit(s), 0 error(s), 1 left on base; Bishop Verot HS 0 - Bishop Gorman HS 3 |
TOP OF THE 5TH |
Bishop Verot HS batting - Pitching for Bishop Gorman HS Balbasaurs : RHP Marvin Hopper
|
Batting: RHB Steven Bottoms
|
0-0: Fly out, F9 (Flyball, 9)
|
Batting: RHB Frank Rangel
|
0-0: Ball 1-0: Called Strike 1-1: TRIPLE (Line Drive, 3L)
|
Batting: LHB Mitch Morales
|
0-0: Foul Ball, location: 2F 0-1: Called Strike 0-2: Ball 1-2: Foul Ball, location: 2F 1-2: Foul Ball, location: 2F 1-2: 2-RUN HOME RUN (Flyball, 7D), Distance : 390 ft
|
Batting: RHB Rafael Sánchez
|
0-0: Swinging Strike 0-1: Ball 1-1: Called Strike 1-2: Ball 2-2: Foul Ball, location: 2F 2-2: Foul Ball, location: 2F 2-2: Foul Ball, location: 2F 2-2: Strikes out swinging
|
Batting: LHB Pedro Padilla
|
0-0: Called Strike 0-1: Swinging Strike 0-2: Strikes out looking
|
Top of the 5th over - 2 run(s), 2 hit(s), 0 error(s), 0 left on base; Bishop Verot HS 2 - Bishop Gorman HS 3 |
BOTTOM OF THE 5TH |
Bishop Gorman HS Balbasaurs batting - Pitching for Bishop Verot HS : RHP Patrick Bland
|
Batting: RHB Júlio García
|
0-0: Called Strike 0-1: Ball 1-1: Ball 2-1: Ball 3-1: Base on Balls
|
Pitching: LHP Tommy Henderson
|
|
Batting: RHB José Díaz
|
0-0: Ball 1-0: Called Strike 1-1: Ground out 4-3 (Groundball, 34) Júlio García to second
|
Batting: LHB Guillermo Peña
|
0-0: Intentional Walk
|
Batting: RHB Stephen Olvera
|
0-0: Fielders Choice at 2nd, 6-4 (Groundball, 6) Júlio García to third
|
Batting: LHB Michel Gélinas
|
0-0: Called Strike 0-1: Ground out 4-3 (Groundball, 34)
|
Bottom of the 5th over - 0 run(s), 0 hit(s), 0 error(s), 2 left on base; Bishop Verot HS 2 - Bishop Gorman HS 3 |
TOP OF THE 6TH |
Bishop Verot HS batting - Pitching for Bishop Gorman HS Balbasaurs : RHP Marvin Hopper
|
Pitching: RHP Daniel Higgins
|
|
Batting: RHB Mike Harris
|
0-0: Ball 1-0: Foul Ball, location: 2F 1-1: Foul Ball, location: 2F 1-2: SINGLE (Groundball, 6MD)
|
Batting: RHB Jorge Franco
|
0-0: Ball 1-0: Foul Ball, location: 2F 1-1: Ball 2-1: Called Strike 2-2: Foul Ball, location: 2F 2-2: Ball 3-2: Reached on error, E5 (Groundball, 5) Mike Harris to third
|
Batting: LHB Mike MacNamara
|
0-0: Ball 1-0: Ball 2-0: Ball 3-0: Base on Balls
|
Batting: RHB Brian Bailey
|
0-0: Ball 1-0: Fly out, F3 (Popup, 3S)
|
Batting: RHB Steven Bottoms
|
0-0: Ball 1-0: Foul Ball, location: 2F 1-1: Swinging Strike 1-2: Foul Ball, location: 2F 1-2: Strikes out swinging
|
Batting: RHB Frank Rangel
|
0-0: Ball 1-0: Swinging Strike 1-1: Ball 2-1: Swinging Strike 2-2: Ball 3-2: Strikes out swinging
|
Top of the 6th over - 0 run(s), 1 hit(s), 1 error(s), 3 left on base; Bishop Verot HS 2 - Bishop Gorman HS 3 |
BOTTOM OF THE 6TH |
Bishop Gorman HS Balbasaurs batting - Pitching for Bishop Verot HS : LHP Tommy Henderson
|
Batting: RHB Jimmy Martin
|
0-0: Called Strike 0-1: Ground out 6-3 (Groundball, 6)
|
Batting: RHB Mario Ramírez
|
0-0: Fly out, F9 (Line Drive, 9S)
|
Batting: RHB Jake Rutledge
|
0-0: Ball 1-0: Ball 2-0: Ball 3-0: Base on Balls
|
Batting: RHB Chris Cox
|
0-0: Ball 1-0: Swinging Strike 1-1: Fielders Choice at 2nd, 4-6 (Groundball, 4)
|
Bottom of the 6th over - 0 run(s), 0 hit(s), 0 error(s), 0 left on base; Bishop Verot HS 2 - Bishop Gorman HS 3 |
TOP OF THE 7TH |
Bishop Verot HS batting - Pitching for Bishop Gorman HS Balbasaurs : RHP Daniel Higgins
|
Pitching: LHP Mathew Hart
|
|
Batting: LHB Mitch Morales
|
0-0: Ball 1-0: Ball 2-0: Foul Ball, location: 2F 2-1: Swinging Strike 2-2: Foul Ball, location: 2F 2-2: SINGLE (Line Drive, 9LS)
|
Batting: RHB Rafael Sánchez
|
0-0: Sac Bunt - play at first, batter OUT! 1-4 Mitch Morales to second
|
Pitching: RHP Rafael Hernández
|
|
Batting: LHB Pedro Padilla
|
0-0: Called Strike 0-1: Ground out 6-3 (Groundball, 6)
|
Batting: RHB Mike Harris
|
0-0: Ball 1-0: Foul Ball, location: 2F 1-1: SINGLE (Groundball, 6MD) Mitch Morales to third Runner from 3rd tries for Home, SAFE, no throw
|
Batting: RHB Jorge Franco
|
0-0: Called Strike 0-1: Ball 1-1: Reached on error, E6 (Groundball, 6D) Mike Harris to second
|
Batting: LHB Mike MacNamara
|
0-0: Called Strike 0-1: Foul Ball, location: 2F 0-2: Fly out, F4 (Line Drive, 4)
|
Top of the 7th over - 1 run(s), 2 hit(s), 1 error(s), 2 left on base; Bishop Verot HS 3 - Bishop Gorman HS 3 |
BOTTOM OF THE 7TH |
Bishop Gorman HS Balbasaurs batting - Pitching for Bishop Verot HS : LHP Tommy Henderson
|
Batting: RHB Júlio García
|
0-0: Ball 1-0: Ball 2-0: Foul Ball, location: 2F 2-1: SINGLE (Groundball, 6D)
|
Batting: RHB José Díaz
|
0-0: Swinging Strike 0-1: Ball 1-1: Ball 2-1: Foul Ball, location: 2F 2-2: Ball 3-2: Base on Balls Júlio García to second
|
Batting: LHB Guillermo Peña
|
0-0: Ball 1-0: Ball Wild Pitch! Júlio García to third José Díaz to second 2-0: Intentional Walk
|
Pinch Hitting: RHB Scotty Humphrey
|
0-0: Swinging Strike 0-1: Swinging Strike 0-2: Ball 1-2: Ball 2-2: Strikes out swinging
|
Batting: LHB Michel Gélinas
|
0-0: Ball 1-0: Foul Ball, location: 2F 1-1: Ball 2-1: Fly out, F9 (Flyball, 89XD) Runner from 3rd tags up, SCORES, no throw José Díaz to third
|
Batting: RHB Jimmy Martin
|
0-0: Ball 1-0: Foul Ball, location: 2F 1-1: Swinging Strike 1-2: Foul Ball, location: 2F 1-2: Strikes out swinging
|
Bottom of the 7th over - 1 run(s), 1 hit(s), 0 error(s), 2 left on base; Bishop Verot HS 3 - Bishop Gorman HS 4 |
TOP OF THE 8TH |
Bishop Verot HS batting - Pitching for Bishop Gorman HS Balbasaurs : RHP Rafael Hernández
|
Pitching: RHP Manuel Ramírez
|
|
Now in LF: Ramón Chávez
|
|
Batting: RHB Brian Bailey
|
0-0: Called Strike 0-1: Ball 1-1: Swinging Strike 1-2: Foul Ball, location: 2F 1-2: Ball 2-2: Foul Ball, location: 2F 2-2: Ball 3-2: Strikes out swinging
|
Batting: RHB Steven Bottoms
|
0-0: Called Strike 0-1: Called Strike 0-2: Hit by Pitch
|
Batting: RHB Frank Rangel
|
0-0: Foul Ball, location: 2F 0-1: Ball 1-1: Called Strike 1-2: Strikes out swinging
|
Pitching: RHP Carter Boss
|
|
Batting: LHB Mitch Morales
|
0-0: Ball 1-0: Called Strike 1-1: Called Strike 1-2: Strikes out swinging
|
Top of the 8th over - 0 run(s), 0 hit(s), 0 error(s), 1 left on base; Bishop Verot HS 3 - Bishop Gorman HS 4 |
BOTTOM OF THE 8TH |
Bishop Gorman HS Balbasaurs batting - Pitching for Bishop Verot HS : LHP Tommy Henderson
|
Batting: RHB Mario Ramírez
|
0-0: Called Strike 0-1: Called Strike 0-2: Ball 1-2: Ball 2-2: Fly out, F8 (Flyball, 8RXD)
|
Pitching: RHP Charlie Newell
|
|
Batting: RHB Jake Rutledge
|
0-0: Ball 1-0: SINGLE (Groundball, 34D)
|
Batting: RHB Chris Cox
|
0-0: Called Strike 0-1: Foul Ball, location: 2F 0-2: Strikes out swinging
|
Batting: RHB Júlio García
|
0-0: Ball 1-0: Swinging Strike 1-1: Ball 2-1: Ball 3-1: Foul Ball, location: 2F 3-2: Base on Balls Jake Rutledge to second
|
Batting: RHB José Díaz
|
0-0: Ball 1-0: Foul Ball, location: 2F 1-1: Swinging Strike 1-2: Ball 2-2: Ball 3-2: Base on Balls Jake Rutledge to third Júlio García to second
|
Batting: LHB Guillermo Peña
|
0-0: Called Strike 0-1: Ball 1-1: Foul Ball, location: 2F 1-2: Foul Ball, location: 2F 1-2: Ball 2-2: Foul Ball, location: 2F 2-2: Ball 3-2: Foul Ball, location: 2F 3-2: Foul Ball, location: 2F 3-2: Base on Balls Jake Rutledge scores Júlio García to third José Díaz to second
|
Batting: RHB Ramón Chávez
|
0-0: Fielders Choice at 2nd, 5-4 (Groundball, 5)
|
Bottom of the 8th over - 1 run(s), 1 hit(s), 0 error(s), 2 left on base; Bishop Verot HS 3 - Bishop Gorman HS 5 |
TOP OF THE 9TH |
Bishop Verot HS batting - Pitching for Bishop Gorman HS Balbasaurs : RHP Carter Boss
|
Pitching: RHP Alan Turner
|
|
Batting: RHB Rafael Sánchez
|
0-0: Fly out, F9 (Flyball, 9S)
|
Batting: LHB Pedro Padilla
|
0-0: Ball 1-0: Ball 2-0: TRIPLE (Flyball, 7LD)
|
Batting: RHB Mike Harris
|
0-0: Called Strike 0-1: SINGLE (Groundball, 56) (infield hit) Pedro Padilla scores
|
Batting: RHB Jorge Franco
|
0-0: Ball 1-0: Ball 2-0: Ground out 5-3 (Groundball, 56S) Mike Harris to second
|
Batting: LHB Mike MacNamara
|
0-0: Ball 1-0: Foul Ball, location: 2F 1-1: Swinging Strike 1-2: Foul Ball, location: 2F 1-2: Strikes out swinging, 2-3 out at first.
|
Top of the 9th over - 1 run(s), 2 hit(s), 0 error(s), 1 left on base; Bishop Verot HS 4 - Bishop Gorman HS 5 |
|